 Dungeon Crawl Stone Soup version 0.22.1-1-ga44c0e5 (webtiles) character file.

110900 buskinjo2 the Brawler (level 16, -7/116 HPs)
             Began as a Demonspawn Chaos Knight on Oct 9, 2018.
             Mangled by Rupert
             ... wielding a +0 great mace of protection
              (27 damage)
             ... on level 2 of the Orcish Mines on Oct 21, 2018.
             The game lasted 01:41:44 (25098 turns).

buskinjo2 the Brawler (Demonspawn Chaos Knight)    Turns: 25098, Time: 01:41:45

Health: -7/116     AC: 12    Str: 22    XL:     16   Next: 8%
Magic:  0/23       EV: 19    Int: 16    God:    Xom [......]
Gold:   2362       SH:  0    Dex: 16    Spells: 15/15 levels left

rFire    . . .     SeeInvis .     - Unarmed
rCold    . . .     Gourm    .   (no shield)
rNeg     . . .     Faith    .   C - +4 troll leather armour
rPois    .         Spirit   +   (helmet unavailable)
rElec    +         Reflect  .   V - +2 cloak {+Inv}
rCorr    .         Harm     .   (gloves unavailable)
MR       +....                  (no boots)
Stlth    ++++++....             b - amulet of regeneration
HPRegen  1.49/turn              A - +4 ring of slaying
MPRegen  0.18/turn              i - +6 ring of strength

@: studying 2 skills
A: claws 3, horns 3, talons 1, agile 1, clever 1, frail 1, mutation resistance
1, nightstalker 2, regeneration 1, electricity resistance, weak 1, magic shield
a: Renounce Religion, Evoke Invisibility


You were on level 2 of the Orcish Mines.
You worshipped Xom.
You were a very special plaything of Xom.
You were not hungry.

You visited 3 branches of the dungeon, and saw 23 of its levels.
You also visited: Bailey, Ice Cave and Volcano.

You collected 2557 gold pieces.
You spent 195 gold pieces at shops.

Inventory:

Hand Weapons
 I - a +6 scimitar of flaming
Missiles
 e - 828 stones (quivered)
 k - 4 silver javelins
 M - 2 throwing nets
Armour
 C - a +4 troll leather armour (worn)
 V - a +2 cloak of invisibility (worn)
Jewellery
 b - an amulet of regeneration (around neck)
 i - a +6 ring of strength (right claw)
 q - the ring of the Hare {rF+++ EV-5 Str-5 Dex+2 SInv}
   (You found it on level 6 of the Dungeon)

   [ring of evasion]

   It affects your evasion (-5).
   It affects your strength (-5).
   It affects your dexterity (+2).
   It renders you almost immune to fire.
   It lets you see invisible.
 r - an uncursed ring of protection from cold
 A - a +4 ring of slaying (left claw)
 O - an uncursed amulet of the acrobat
 S - an uncursed ring of protection from cold
 T - an uncursed ring of protection from magic
 Y - an uncursed ring of see invisible
Wands
 m - a wand of polymorph (43)
 s - a wand of disintegration (39)
 y - a wand of clouds (12)
 D - a wand of digging (40)
 K - a wand of flame (67)
 N - a wand of paralysis (35)
 U - a wand of acid (20)
 W - a wand of enslavement (17)
Scrolls
 a - 7 scrolls of identify
 n - 13 scrolls of teleportation
 o - 5 scrolls of magic mapping
 t - 5 scrolls of blinking
 v - 14 scrolls of remove curse
 w - a scroll of summoning
 z - 2 scrolls of enchant weapon
 B - 5 scrolls of fear
 R - 6 scrolls of amnesia
Potions
 d - 8 potions of flight
 f - 3 potions of cancellation
 g - 3 potions of brilliance
 h - 5 potions of resistance
 j - 15 potions of curing
 u - 6 potions of magic
 x - 2 potions of might
 E - a potion of ambrosia
 F - 7 potions of heal wounds
 G - 3 potions of agility
 J - 4 potions of mutation
 L - a potion of berserk rage
 P - 3 potions of haste
 Q - a potion of invisibility
Books
 l - a manual of Transmutations
 H - a manual of Throwing
Miscellaneous
 p - a phantom mirror
Comestibles
 c - 58 rations
 X - 4 chunks of flesh


   Skills:
 - Level 12.7 Fighting
 - Level 3.8 Long Blades
 - Level 4.9 Armour
 + Level 10.6 Dodging
 - Level 8.1 Stealth
 - Level 17.1 Unarmed Combat
 - Level 10.1 Evocations


You had 15 spell levels left.
You didn't know any spells.
Your spell library contained the following spells:

 Spells                   Type           Power        Failure   Level  Hunger
 Corona                   Hex            #......      28%         1    ##.....
 Sandblast                Erth           #.....       28%         1    ##.....
 Shock                    Conj/Air       #...         28%         1    ##.....
 Summon Small Mammal      Summ           #...         28%         1    ##.....
 Call Imp                 Summ           #.......     41%         2    ###....
 Corpse Rot               Necr           N/A          41%         2    ###....
 Ensorcelled Hibernation  Hex/Ice        #.....       41%         2    ###....
 Poisonous Vapours        Pois/Air       #.....       41%         2    ###....
 Slow                     Hex            #.......     41%         2    ###....
 Sublimation of Blood     Necr           #.........   41%         2    ###....
 Call Canine Familiar     Summ           #.......     65%         3    ####...
 Confuse                  Hex            #.......     65%         3    ####...
 Conjure Flame            Conj/Fire      #.......     65%         3    ####...
 Dazzling Spray           Conj/Hex       #.....       65%         3    ####...
 Inner Flame              Hex/Fire       #.......     65%         3    ####...
 Mephitic Cloud           Conj/Pois/Air  #.......     65%         3    ####...
 Portal Projectile        Hex/Tloc       #.....       65%         3    ####...
 Summon Guardian Golem    Hex/Summ       #.......     65%         3    ####...
 Tukima's Dance           Hex            #.......     65%         3    ####...
 Cause Fear               Hex            #.........   96%         4    #####..
 Leda's Liquefaction      Hex/Erth       #.........   96%         4    #####..
 Summon Ice Beast         Ice/Summ       #.......     96%         4    #####..
 Summon Lightning Spire   Summ/Air       #.......     96%         4    #####..
 Agony                    Necr           #.......     100%        5    ######.
 Bolt of Draining         Conj/Necr      #.........   100%        5    ######.
 Dispel Undead            Necr           #.......     100%        5    ######.
 Excruciating Wounds      Chrm/Necr      #.........   100%        5    ######.
 Lightning Bolt           Conj/Air       #.........   100%        5    ######.
 Deflect Missiles         Chrm/Air       #.........   100%        6    #######
 Freezing Cloud           Conj/Ice/Air   #.........   100%        6    #######
 Ring of Flames           Chrm/Fire      #.........   100%        7    #######


Dungeon Overview and Level Annotations

Branches:
Dungeon (15/15)            Temple (0/1) D:5            Lair (6/6) D:11
 Shoals (0/4) Lair:2        Snake (0/4) Lair:2        Slime (0/5) Lair:6
    Orc (2/2) D:10            Elf (0/3) Orc:2        Vaults (0/5) D:13
 Depths (0/5) D:15

Altars:
Fedhas
Gozag
Hepliaklqana
Kikubaaqudgha
Nemelex Xobeh
Okawaru
Ru
Trog
Vehumet
Wu Jian
Yredelemnul
Beogh
Jiyva

Shops:
D:4 ?%(?   D:7 }   D:11 [   Orc:2 ?*

Annotations:
D:10 exclusion: ice statue
D:14 2 transporters, Zebedee's ghost, journeyman TrTm
Lair:5 Kirke
Lair:6 1 exclusion
Orc:1 1 runed door, Haldmier's ghost, journeyman MfIE
Orc:2 Rupert


Innate Abilities, Weirdness & Mutations

You have claws for hands.
You have a pair of large horns on your head.
You have sharp toenails.
You are significantly more attuned to the shadows.
When hurt, damage is shared between your health and your magic reserves.
You are agile. (Dex +2)
Your mind is acute. (Int +2)
You are frail. (-10% HP)
You are somewhat resistant to further mutation.
Your natural rate of healing is unusually fast.
You are resistant to electric shocks. (rElec)
You are weak. (Str -2)


Message History

You claw Rupert! Your kick misses Rupert.
Rupert is severely wounded.
You claw Rupert! You headbutt Rupert!
Rupert is severely wounded.
Rupert hits you with a great mace of protection!
You completely miss Rupert. You claw Rupert, but do no damage.
Rupert is severely wounded.
Rupert hits you with a great mace of protection!!
You mangle Rupert!! You claw Rupert. You headbutt Rupert.
Rupert is almost dead.
Rupert hits you with a great mace of protection!!
* * * LOW HITPOINT WARNING * * *
You barely miss Rupert. You claw Rupert, but do no damage.
You headbutt Rupert, but do no damage.
Rupert is almost dead.
Rupert hits you but does no damage.
You scratch Rupert but do no damage.
Rupert is almost dead.
Rupert hits you with a great mace of protection!!
You die...

....
....####
.......#
#......# #
#......#..#
#....@@....
...........
#..........
.......#..#
......#...#
......#...#


You could see Rupert (berserk).

Vanquished Creatures
  A frost giant (IceCv)
  A stone giant (Volcano)
  A minotaur (D:13)
  A fire dragon (Lair:6)
  Snorg (Orc:1)
  3 vault guards (D:13)
  6 hydras
  Erica (Lair:1)
  A death knight (D:15)
  2 centaur warriors (D:15)
  13 two-headed ogres
  A death yak (IceCv)
  An ogre mage (D:15)
  2 tengu warriors (D:14)
  Sonja (Lair:1)
  The ghost of brandon the Destroyer, a novice DEFE of Vehumet (D:10)
  A tyrant leech (D:15)
  2 deep trolls (Orc:2)
  A fire crab (Lair:6)
  A deep troll (shapeshifter) (D:12)
  6 skeletal warriors
  3 unseen horrors
  A flayed ghost (D:15)
  2 orc knights
  A swamp dragon (D:10)
  A mana viper (D:10)
  2 necromancers
  A deep elf mage (D:13)
  A stone giant zombie (D:15)
  10 ugly things
  A salamander (Lair:1)
  3 manticores
  The ghost of Zebedee the Insei, a novice OpTm (D:5)
  5 black mambas
  2 cyclopes
  4 molten gargoyles
  An ice statue (IceCv)
  A torpor snail (Lair:6)
  3 gargoyles
  15 elephants
  A rime drake (IceCv)
  12 spiny frogs
  A yaktaur (D:15)
  7 centaur skeletons
  2 efreet
  10 komodo dragons
  2 freezing wraiths (D:15)
  A redback zombie (D:14)
  4 kobold demonologists
  9 trolls
  A merfolk (D:9)
  A queen bee (Lair:3)
  16 polar bears (IceCv)
  A harpy skeleton (D:14)
  A wolf spider simulacrum (Lair:3)
  10 slime creatures
  A hornet (Lair:1)
  5 dream sheep
  10 hippogriffs
  A tarantella (D:14)
  A vampire (D:12)
  8 wyverns
  5 wraiths (D:10)
  An ice dragon skeleton (D:15)
  A fire dragon skeleton (D:15)
  8 basilisks
  2 shadows
  60 yaks
  3 fire bats (Volcano)
  3 fire elementals
  2 hungry ghosts
  2 steam dragons
  5 vampire mosquitoes
  2 wargs (Orc:2)
  17 water moccasins
  An acid dragon (D:15)
  2 nagas (Lair:2)
  3 hell hounds (Lair:6)
  A hydra simulacrum (Lair:3)
  5 porcupines
  4 black bears
  6 sky beasts
  4 ice beasts
  13 orc warriors
  A swamp drake (Lair:2)
  25 ogres
  3 phantoms
  37 wolves
  4 necrophages
  9 centaurs
  20 crocodiles
  2 elf zombies
  13 big kobolds (D:10)
  17 bullfrogs
  A wyvern zombie (D:14)
  2 earth elementals (Volcano)
  A water moccasin zombie (D:6)
  2 wyvern skeletons
  3 scorpions
  17 wights
  33 killer bees
  7 crimson imps
  7 lava snakes
  A bullfrog zombie (D:13)
  3 centaur zombies
  A quasit (D:10)
  3 hounds
  6 human zombies (D:8)
  16 orc wizards
  15 orc priests
  A water moccasin simulacrum (Lair:3)
  4 bullfrog skeletons
  2 jellies
  6 iguanas
  A human skeleton (D:8)
  A polar bear simulacrum (Lair:3)
  9 worker ants
  2 yak simulacra (Lair:3)
  3 wolf simulacra (Lair:3)
  A porcupine simulacrum (Lair:3)
  A worker ant zombie (D:10)
  21 adders
  13 gnolls (Bailey)
  5 shadow imps
  2 adder zombies
  18 leopard geckos
  71 orcs
  6 giant cockroaches
  16 hobgoblins
  6 jackals
  9 quokkas
  3 ball pythons
  7 bats
  10 frilled lizards
  8 goblins
  30 kobolds
  A leopard gecko zombie (D:7)
  2 orc zombies (D:8)
  8 rats
  5 river rat simulacra (Lair:3)
882 creatures vanquished.

Vanquished Creatures (collateral kills)
  Azrael (D:13)
  A two-headed ogre (D:12)
  A gargoyle (Volcano)
  4 fire elementals (D:13)
  A yak (Lair:6)
  A vampire mosquito (D:12)
  A lava snake (Volcano)
  A jelly (D:9)
  An orc wizard (D:13)
  A gnoll (D:9)
  A leopard gecko (Lair:2)
  An orc (D:13)
  A goblin (D:9)
16 creatures vanquished.

Vanquished Creatures (others)
  A yak (Lair:6)
  A hobgoblin (Bailey)
  11 bushes (D:15)
  10 fungi
  6 plants
  14 withered plants (D:15)
43 creatures vanquished.

Grand Total: 941 creatures vanquished

Notes
Turn   | Place    | Note
-------+----------+-------------------------------------------
     0 | D:1      | buskinjo2 the Demonspawn Chaos Knight began the quest for
                  | the Orb.
     0 | D:1      | Reached XP level 1. HP: 18/18 MP: 1/1
   177 | D:1      | XOM: harmless Ice miscast
   286 | D:1      | XOM: silly message
   381 | D:1      | Gained mutation: You have a pair of small horns on your
                  | head. [demonic ancestry]
   381 | D:1      | Reached XP level 2. HP: 24/24 MP: 2/2
   677 | D:1      | XOM: harmless Pois miscast
  1148 | D:2      | Noticed a phantom
  1204 | D:2      | Gained mutation: You have sharp fingernails. [demonic
                  | ancestry]
  1204 | D:2      | Reached XP level 3. HP: 28/29 MP: 3/3
  1415 | D:2      | XOM: harmless Summ miscast
  1439 | D:2      | Killed a phantom
  1439 | D:2      | Reached skill level 2 in Unarmed Combat
  1439 | D:2      | Gained mutation: You have a pair of horns on your head.
                  | [demonic ancestry]
  1439 | D:2      | Reached XP level 4. HP: 15/35 MP: 4/4
  1478 | D:2      | XOM: divination: detect creatures
  1552 | D:2      | Reached skill level 3 in Unarmed Combat
  1687 | D:2      | Found a sacrificial altar of Ru.
  1700 | D:2      | XOM: give mutations
  1700 | D:2      | Gained mutation: You have a pair of large horns on your
                  | head. [Xom's grace]
  1700 | D:2      | Gained mutation: Your natural rate of healing is unusually
                  | fast. [Xom's grace]
  1700 | D:2      | Gained mutation: You are agile. (Dex +2) [Xom's grace]
  1825 | D:3      | XOM: give mutations
  1825 | D:3      | Gained mutation: Your body sometimes deteriorates upon
                  | taking damage. [Xom's mischief]
  1825 | D:3      | Lost mutation: Your body sometimes deteriorates upon taking
                  | damage. [Xom's mischief]
  1957 | D:3      | XOM: harmless Chrm miscast
  2014 | D:3      | Reached XP level 5. HP: 35/41 MP: 5/5
  2155 | D:3      | XOM: harmless Hex miscast
  2384 | D:3      | XOM: harmless Ice miscast
  2660 | D:3      | Found an ornate altar of the Wu Jian Council.
  2777 | D:3      | You fall through a shaft!
  2787 | D:4      | Reached skill level 4 in Unarmed Combat
  2793 | D:4      | XOM: harmless Tloc miscast
  2870 | D:4      | Found Gegitrik's Magic Scroll Shoppe.
  2874 | D:4      | Found Mumeoret's Weapon Boutique.
  2877 | D:4      | Bought a scroll of remove curse for 30 gold pieces
  2882 | D:4      | Bought a scroll of magic mapping for 35 gold pieces
  2882 | D:4      | Bought a scroll of noise for 10 gold pieces
  2882 | D:4      | Bought a scroll of identify for 20 gold pieces
  2882 | D:4      | Bought a scroll of identify for 20 gold pieces
  2886 | D:4      | Found Itim Moe's Food Shoppe.
  2947 | D:4      | XOM: harmless Fire miscast
  2968 | D:4      | Found Fauho's Magic Scroll Boutique.
  2976 | D:4      | Bought a scroll of teleportation for 30 gold pieces
  2976 | D:4      | Bought a scroll of teleportation for 30 gold pieces
  2976 | D:4      | Bought a scroll of identify for 20 gold pieces
  3005 | D:4      | Noticed an orc warrior
  3112 | D:4      | Killed an orc warrior
  3112 | D:4      | Reached skill level 5 in Unarmed Combat
  3112 | D:4      | Reached XP level 6. HP: 47/47 MP: 6/6
  3186 | D:4      | XOM: silly message
  3468 | D:4      | XOM: harmless Fire miscast
  3570 | D:4      | Found a hazy altar of Hepliaklqana.
  3695 | D:5      | Entered Level 5 of the Dungeon
  3711 | D:5      | Found an opulent altar of Gozag.
  3815 | D:5      | XOM: mild Fire miscast
  3819 | D:5      | Found a staircase to the Ecumenical Temple.
  3833 | D:5      | Reached skill level 6 in Unarmed Combat
  3833 | D:5      | Gained mutation: You have very sharp fingernails. [demonic
                  | ancestry]
  3833 | D:5      | Reached XP level 7. HP: 52/52 MP: 7/7
  4095 | D:5      | Found a runed gate.
  4098 | D:5      | Noticed Zebedee's ghost (novice OpTm)
  4099 | D:5      | Found a runed gate.
  4100 | D:5      | Found a runed gate.
  4138 | D:5      | XOM: medium Tmut miscast
  4217 | D:5      | XOM: silly message
  4367 | D:5      | Found a roughly hewn altar of Beogh.
  4421 | D:5      | XOM: confuse monster(s)
  4425 | D:5      | Killed Zebedee's ghost
  4425 | D:5      | Reached skill level 8 in Unarmed Combat
  4425 | D:5      | Reached XP level 8. HP: 55/58 MP: 6/8
  4574 | D:6      | XOM: mild Chrm miscast
  4749 | D:6      | Found a sparkling altar of Nemelex Xobeh.
  4764 | D:6      | Reached skill level 9 in Unarmed Combat
  4837 | D:6      | XOM: harmless Tmut miscast
  5026 | D:6      | Noticed a troll
  5060 | D:6      | XOM: cast spell 'Alistair's Intoxication'
  5064 | D:6      | Killed a troll
  5064 | D:6      | Reached skill level 10 in Unarmed Combat
  5114 | D:6      | Noticed a hippogriff
  5118 | D:6      | Gained mutation: When hurt, damage is shared between your
                  | health and your magic reserves. [demonic ancestry]
  5118 | D:6      | Reached XP level 9. HP: 63/63 MP: 9/9
  5129 | D:6      | XOM: cast spell 'Alistair's Intoxication'
  5168 | D:6      | XOM: harmless Summ miscast
  5171 | D:6      | XOM: silly message
  5342 | D:6      | You fall through a shaft!
  5467 | D:7      | Reached skill level 5 in Fighting
  5480 | D:7      | Found Abiliaqa's Gadget Shoppe.
  5548 | D:6      | Found a basalt altar of Yredelemnul.
  5550 | D:6      | Found a blossoming altar of Fedhas.
  5696 | D:6      | Got a smoking copper ring
  6151 | D:7      | Reached skill level 1 in Dodging
  6295 | D:7      | Identified the cursed ring of the Hare {rF+++ EV-5 Str-5
                  | Dex+2 SInv} (You found it on level 6 of the Dungeon)
  6343 | D:7      | XOM: god gift: chain mail {god gift}
  6465 | D:7      | XOM: cloud trail
  6513 | D:7      | XOM: mild Conj miscast
  7022 | D:8      | XOM: divination: magic mapping
  7178 | D:8      | Gained mutation: You have claws for hands. [demonic
                  | ancestry]
  7178 | D:8      | Reached XP level 10. HP: 77/77 MP: 10/10
  7393 | D:8      | Found a radiant altar of Vehumet.
  7500 | D:8      | XOM: harmless Summ miscast
  7526 | D:8      | Noticed a two-headed ogre
  7534 | D:8      | Killed a two-headed ogre
  7636 | D:8      | XOM: harmless Chrm miscast
  7655 | D:8      | XOM: smoke on damage
  7662 | D:8      | Found an ancient bone altar of Kikubaaqudgha.
  7669 | D:8      | XOM: potion effect (haste)
  7803 | D:8      | XOM: god gift: 18 stones
  7899 | D:8      | XOM: god gift: 5 steel tomahawks
  8015 | D:9      | Noticed an unseen horror
  8017 | D:9      | XOM: cleaving
  8021 | D:9      | Killed an unseen horror
  8021 | D:9      | Reached skill level 11 in Unarmed Combat
  8028 | D:9      | Found a flagged portal.
  8055 | Bailey   | Entered a bailey
  8056 | Bailey   | XOM: cloud trail
  8105 | Bailey   | XOM: noise
  8234 | Bailey   | Noticed an orc knight
  8243 | Bailey   | Killed an orc knight
  8301 | Bailey   | XOM is BORED!
  8301 | Bailey   | XOM: medium Air miscast
  8403 | Bailey   | Identified a scroll of acquirement
  8658 | D:9      | Found an iron altar of Okawaru.
  8733 | D:9      | Reached skill level 12 in Unarmed Combat
  8806 | D:9      | XOM: stat loss: -1 Int (12/13)
  8833 | D:9      | XOM: harmless Conj miscast
  9080 | D:10     | Entered Level 10 of the Dungeon
  9082 | D:10     | XOM: silly message
  9123 | D:9      | Reached skill level 5 in Dodging
  9168 | D:10     | Mutation became permanent: You have a pair of horns on your
                  | head. [demonic ancestry]
  9168 | D:10     | Gained mutation: You have a pair of large horns on your
                  | head. [demonic ancestry]
  9168 | D:10     | Reached XP level 11. HP: 83/83 MP: 11/11
  9464 | D:10     | XOM: noise
  9484 | D:10     | XOM: smoke on damage
  9487 | D:10     | XOM: summons 3 hostile shadow creatures
  9747 | D:10     | XOM: enchant monster (bad)
  9767 | D:10     | XOM: blink monster(s)
  9927 | D:10     | Found a runed gate.
  9929 | D:10     | Found a runed gate.
  9929 | D:10     | Found a runed gate.
  9929 | D:10     | Noticed brandon's ghost (novice DEFE)
 10041 | D:10     | Noticed a two-headed ogre
 10041 | D:10     | Noticed a swamp dragon
 10041 | D:10     | a two-headed ogre changed into a swamp dragon
 10041 | D:10     | XOM: polymorph two-headed ogre -> swamp dragon
 10051 | D:10     | Killed a swamp dragon
 10136 | D:10     | Found a staircase to the Orcish Mines.
 10174 | D:10     | XOM: summons 5 hostile demons
 10182 | D:10     | Reached skill level 13 in Unarmed Combat
 10262 | D:10     | XOM: give mutations
 10262 | D:10     | Gained mutation: You possess an exceptional clarity of
                  | mind. [Xom's grace]
 10262 | D:10     | Gained mutation: Your spells are a little harder to cast,
                  | but a little more powerful. [Xom's grace]
 10262 | D:10     | Gained mutation: You are resistant to electric shocks.
                  | (rElec) [Xom's grace]
 10288 | D:10     | XOM: confuse monster(s)
 10289 | D:10     | Killed brandon's ghost
 10395 | D:11     | XOM: cleaving
 10444 | D:11     | XOM: cloud trail
 10455 | D:11     | XOM: 5-stop teleportation journey
 10484 | D:11     | Found Ubbir's Armour Shoppe.
 10521 | D:11     | XOM: fog
 10703 | D:11     | Found a staircase to the Lair.
 10918 | D:11     | XOM: god gift: book of Debilitation
 11103 | D:11     | XOM: give mutations
 11103 | D:11     | Gained mutation: Your mind is acute. (Int +2) [Xom's grace]
 11103 | D:11     | Gained mutation: You are somewhat resistant to further
                  | mutation. [Xom's grace]
 11110 | D:12     | Noticed a two-headed ogre
 11111 | D:12     | XOM: summons friendly red devil
 11116 | D:12     | XOM: cleaving
 11119 | D:12     | Killed a two-headed ogre
 11230 | D:12     | Noticed a white ugly thing
 11230 | D:12     | Noticed a two-headed ogre
 11230 | D:12     | Noticed a two-headed ogre
 11238 | D:12     | XOM: fog
 11254 | D:12     | XOM: 1-stop teleportation journey
 11369 | D:12     | Found a bloodstained altar of Trog.
 11397 | D:12     | Reached skill level 14 in Unarmed Combat
 11399 | D:12     | XOM: confuse monster(s)
 11407 | D:12     | Reached XP level 12. HP: 64/92 MP: 8/12
 11418 | D:12     | XOM: cast spell 'Leda's Liquefaction'
 11437 | D:12     | XOM: confuse monster(s)
 11511 | D:12     | XOM: potion effect (brilliance)
 11512 | D:12     | Killed a two-headed ogre
 11536 | D:12     | Killed a two-headed ogre
 11620 | D:12     | Noticed a two-headed ogre
 11624 | D:12     | XOM: noise
 11639 | D:12     | XOM: mild Fire miscast
 11711 | D:12     | XOM: summons 6 hostile demons
 11716 | D:12     | XOM: summons friendly crimson imp
 11719 | D:12     | XOM: cast spell 'Dispersal'
 11831 | D:12     | Killed a two-headed ogre
 11958 | D:12     | XOM: polymorph slime creature -> deep troll
 12206 | D:13     | XOM: swap monsters
 12214 | D:13     | Reached skill level 5 in Evocations
 12249 | D:13     | XOM: harmless Pois miscast
 12359 | D:13     | XOM: summons 6 hostile demons
 12439 | D:13     | XOM: blink monster(s)
 12638 | D:13     | XOM: summons friendly red devil
 12691 | D:13     | Noticed Azrael
 12704 | D:13     | Killed Azrael
 12704 | D:13     | Reached XP level 13. HP: 59/101 MP: 9/17
 12782 | D:13     | XOM: mild Erth miscast
 12875 | D:14     | XOM: silly message
 12986 | D:14     | XOM: cleaving
 13104 | D:14     | XOM: divination: detect creatures
 13107 | D:14     | XOM: confuse monster(s)
 13218 | D:14     | XOM: noise
 13236 | D:14     | XOM: swap monsters
 13327 | D:14     | Noticed Zebedee's ghost (journeyman TrTm)
 13329 | D:14     | Noticed a fire giant
 13365 | D:14     | Found a transporter.
 13372 | D:14     | Found a transporter.
 13525 | D:14     | XOM: polymorph troll -> tarantella
 13529 | D:14     | XOM: harmless Ice miscast
 14012 | D:13     | XOM: blink monster(s)
 14327 | Lair:1   | Entered Level 1 of the Lair of Beasts
 14357 | Lair:1   | XOM: stat loss: -1 Int (15/16)
 14543 | Lair:1   | XOM: potion effect (brilliance)
 14567 | Lair:1   | XOM: smoke on damage
 14568 | Lair:1   | XOM: potion effect (curing)
 14580 | Lair:1   | Noticed Sonja
 14589 | Lair:1   | Killed Sonja
 14663 | Lair:1   | Noticed Erica
 14674 | Lair:1   | Killed Erica
 14743 | Lair:1   | XOM: mild Air miscast
 14827 | Lair:1   | XOM: give mutations
 14827 | Lair:1   | Lost mutation: You possess an exceptional clarity of mind.
                  | [Xom's mischief]
 14827 | Lair:1   | Gained mutation: You are weak. (Str -2) [Xom's mischief]
 14827 | Lair:1   | Lost mutation: Your spells are a little harder to cast, but
                  | a little more powerful. [Xom's mischief]
 14827 | Lair:1   | Gained mutation: You are frail. (-10% HP) [Xom's mischief]
 15125 | Lair:1   | XOM: polymorph yak -> salamander
 15320 | Lair:1   | XOM is BORED!
 15320 | Lair:1   | XOM: medium Ice miscast
 15432 | Lair:1   | XOM: medium Tmut miscast
 15675 | Lair:2   | XOM: summons 3 hostile demons
 15690 | Lair:2   | XOM: 1-stop teleportation journey
 15691 | Lair:2   | XOM: 1-stop teleportation journey
 15692 | Lair:2   | Found a staircase to the Snake Pit.
 15701 | Lair:2   | XOM: 1-stop teleportation journey
 15710 | Lair:2   | XOM: summons friendly shadow imp
 15721 | Lair:2   | XOM: 4-stop teleportation journey
 15820 | Lair:2   | Found a staircase to the Shoals.
 15837 | Lair:2   | XOM: snakes to sticks
 15842 | Lair:2   | Reached skill level 10 in Evocations
 15847 | Lair:2   | XOM: summons friendly ufetubus
 15868 | Lair:2   | Reached skill level 1 in Stealth
 16132 | Lair:2   | Found a frozen archway.
 16140 | Lair:2   | XOM: divination: detect creatures
 16164 | IceCv    | Entered an ice cave
 16232 | IceCv    | XOM: mild Erth miscast
 16249 | IceCv    | XOM: harmless Ice miscast
 16358 | IceCv    | XOM: harmless Conj miscast
 16370 | IceCv    | Gained mutation: You are slightly more attuned to the
                  | shadows. [demonic ancestry]
 16370 | IceCv    | Reached XP level 14. HP: 92/97 MP: 18/21
 16379 | IceCv    | XOM: confuse monster(s)
 16382 | IceCv    | Reached skill level 5 in Stealth
 16454 | IceCv    | XOM: harmless Ice miscast
 16563 | IceCv    | XOM: smoke on damage
 16781 | IceCv    | XOM: potion effect (berserk rage)
 16783 | IceCv    | XOM: potion effect (might)
 16886 | IceCv    | Noticed a frost giant
 16896 | IceCv    | Killed a frost giant
 17178 | Lair:2   | XOM: harmless Ice miscast
 17370 | Lair:3   | Found a transporter.
 17388 | Lair:3   | XOM: god gift: chain mail {god gift}
 17414 | Lair:3   | Reached skill level 15 in Unarmed Combat
 17587 | Lair:3   | XOM: summons friendly quasit
 17699 | Lair:3   | XOM: butterfly on damage
 17715 | Lair:3   | XOM: divination: detect items
 17900 | Lair:3   | XOM: 1-stop teleportation journey
 18270 | Lair:3   | Found a transporter.
 18584 | Lair:4   | XOM: confuse monster(s)
 18767 | Lair:4   | XOM: blink monster(s)
 19235 | Lair:5   | XOM: butterfly on damage
 19236 | Lair:5   | XOM: enchant monster (good)
 19402 | Lair:5   | XOM: enchant monster (good)
 19404 | Lair:5   | Reached skill level 16 in Unarmed Combat
 19404 | Lair:5   | XOM: cast spell 'Statue Form'
 19460 | Lair:5   | XOM: harmless Air miscast
 19937 | Lair:5   | XOM: god gift: 24 stones
 20026 | Lair:5   | Noticed Kirke
 20066 | Lair:5   | XOM: harmless Hex miscast
 20093 | Lair:6   | Entered Level 6 of the Lair of Beasts
 20215 | Lair:6   | Found a viscous altar of Jiyva.
 20216 | Lair:6   | Found a staircase to the Slime Pits.
 20438 | Lair:6   | XOM: cast spell 'Metabolic Englaciation'
 20507 | Lair:6   | XOM: enchant monster (good)
 20630 | Lair:6   | XOM: confuse monster(s)
 20778 | Lair:6   | XOM: summons 4 friendly demons
 20787 | Lair:6   | XOM: enchant monster (good)
 20795 | Lair:6   | XOM: cast spell 'Summon Ice Beast'
 20833 | Lair:6   | Gained mutation: You have sharp toenails. [demonic
                  | ancestry]
 20833 | Lair:6   | Reached XP level 15. HP: 88/102 MP: 17/22
 21095 | Lair:6   | Found a large runed door.
 21129 | Lair:6   | XOM: cast spell 'Summon Butterflies'
 21192 | Lair:6   | XOM: cast spell 'Summon Hydra'
 21251 | Lair:6   | XOM: potion effect (invisibility)
 21257 | Lair:6   | Found a large runed door.
 21264 | Lair:6   | Reached skill level 17 in Unarmed Combat
 21316 | Lair:6   | Identified the Disquisition on Cloudy Stones
 21736 | D:15     | Entered Level 15 of the Dungeon
 21900 | D:15     | Reached skill level 10 in Fighting
 21904 | D:15     | XOM is BORED!
 21904 | D:15     | XOM: noise
 21932 | D:15     | XOM: divination: detect creatures
 22540 | D:15     | XOM: harmless Hex miscast
 22552 | D:15     | Found a staircase to the Depths.
 22564 | D:15     | XOM: chaos upgrade
 22571 | D:15     | XOM: fake destruction
 22972 | D:15     | XOM: polymorph green ugly thing -> tyrant leech
 23080 | D:13     | XOM: confusion (+ monsters)
 23081 | D:13     | XOM: enchant monster (bad)
 23101 | D:13     | Found a gate to the Vaults.
 23119 | D:13     | XOM: mild Tmut miscast
 23128 | D:13     | XOM: confusion
 23140 | D:13     | XOM: polymorph vault guard -> minotaur
 23225 | D:13     | XOM: harmless Air miscast
 23236 | D:13     | XOM: smoke on damage
 23244 | D:13     | XOM: mild Tmut miscast
 23301 | D:13     | XOM: cloud trail
 23434 | Orc:1    | Entered Level 1 of the Orcish Mines
 23565 | Orc:1    | Found a runed door.
 23610 | Orc:1    | Found a dark tunnel.
 23628 | Volcano  | Entered a volcano
 23668 | Volcano  | XOM: divination: magic mapping
 23748 | Volcano  | XOM: cast spell 'Discord'
 23753 | Volcano  | Found a burning altar of Makhleb.
 23885 | Orc:1    | XOM: god gift: granite ring {god gift}
 24023 | Orc:1    | XOM: god gift: 8 arrows
 24027 | Orc:1    | Noticed Snorg
 24046 | Orc:1    | Killed Snorg
 24060 | Orc:1    | XOM: fake destruction
 24063 | Orc:1    | XOM: polymorph orc knight -> mana viper
 24072 | Orc:1    | XOM: cast spell 'Disjunction'
 24079 | Orc:1    | XOM: swap monsters
 24268 | Orc:1    | Found a roughly hewn altar of Beogh.
 24328 | Orc:2    | Entered Level 2 of the Orcish Mines
 24343 | Orc:2    | Found a staircase to the Elven Halls.
 24672 | Orc:1    | Found a runed door.
 24700 | Orc:1    | Noticed Haldmier's ghost (journeyman MfIE)
 24928 | Orc:2    | Found Fynec's Assorted Antiques.
 24929 | Orc:2    | Found Rema's Magic Scroll Emporium.
 24942 | Orc:2    | XOM: confusion
 24955 | Orc:2    | XOM: cast spell 'Alistair's Intoxication'
 24956 | Orc:2    | Reached skill level 10 in Dodging
 24985 | Orc:2    | Gained mutation: You are significantly more attuned to the
                  | shadows. [demonic ancestry]
 24985 | Orc:2    | Reached XP level 16. HP: 98/116 MP: 13/23
 25086 | Orc:2    | XOM: 2-stop teleportation journey
 25087 | Orc:2    | Noticed Rupert
 25098 | Orc:2    | Mangled by Rupert

Skill      XL: |  1  2  3  4  5  6  7  8  9 10 11 12 13 14 15 |
---------------+----------------------------------------------+-----
Long Blades    | 3 |  3.8
Unarmed Combat | 2 3 5 6 8 10 12 14 16 17 | 17.1
Fighting       | 6 8 9 12 | 12.7
Dodging        | 4 5 6 7 8 10 | 10.6
Armour         | 2 4 |  4.9
Evocations     | 5 10 | 10.1
Stealth        | 4 8 |  8.1

Action                   |  1- 3 |  4- 6 |  7- 9 | 10-12 | 13-15 | 16-18 || total
-------------------------+-------+-------+-------+-------+-------+-------++-------
Melee: Falchion          |    89 |   150 |       |       |       |       ||   239
       Headbutt          |    12 |    31 |    43 |   120 |   280 |    15 ||   501
       Punch             |       |     2 |     8 |    41 |   113 |     1 ||   165
       Unarmed           |       |    26 |   220 |   582 |  1209 |    44 ||  2081
       Scimitar          |       |       |       |       |    34 |       ||    34
       Kick              |       |       |       |       |   158 |    24 ||   182
Throw: Stone             |     1 |     1 |     4 |     3 |    23 |       ||    32
 Abil: Evoke Invisibilit |       |       |       |       |     2 |       ||     2
Evoke: Wand              |       |       |       |     8 |     3 |       ||    11
  Use: Scroll            |     2 |     7 |    10 |     6 |    26 |       ||    51
       Potion            |       |     1 |     2 |     3 |     1 |       ||     7
 Stab: Paralysed         |     1 |     6 |       |     2 |     6 |       ||    15
       Sleeping          |       |     3 |     1 |     1 |    23 |       ||    28
       Petrified         |       |     7 |       |       |     2 |       ||     9
       Petrifying        |       |     2 |       |       |       |       ||     2
       Confused          |       |       |     1 |     3 |     2 |       ||     6
       Distracted        |       |       |     1 |     2 |     9 |     2 ||    14
       Invisible         |       |       |       |       |     6 |       ||     6
  Eat: Chunk             |     1 |     8 |    12 |    18 |    31 |       ||    70
       Ration            |       |       |       |       |     3 |       ||     3
Armor: Leather armour    |    43 |    47 |    38 |   113 |    12 |       ||   253
       Skin              |       |    14 |       |       |     3 |       ||    17
       Troll leather arm |       |       |       |       |   339 |     9 ||   348
Dodge: Dodged            |    63 |    70 |   106 |   327 |  1253 |    37 ||  1856
Block: Other             |       |       |     7 |    75 |       |       ||    82
       Reflection        |       |       |       |     8 |       |       ||     8
       Rpst.: Falchion   |    16 |    21 |       |       |       |       ||    37
       Scimitar          |       |       |       |       |     6 |       ||     6
